AoeStats
← Zeza

Golden Pit

507870383Analyzed
1v1 RM · 11d ago on Sep 20, 2026· 46m 49s· 2 players
Game mode
Random Map
Map size
Tiny (2 player)
Population
200
Speed
Normal
Resources
Standard
Victory
Conquest
Starting age
Dark Age
Ending age
Imperial Age
RankedLock teamsTeams togetherTeam positionsShared explorationLock speedFull tech treeHidden civsTurbo modeCheats
Victory
Defeat
🇨🇦 Celts · Canada
1539
+13
🇩🇪 Spanish · Germany
1483
-13
Zeza
7:27 Loom
10:05 Feudal Age
10:39 Double-Bit Axe
10:35 Horse Collar
18:26 Castle Age
17:09 Stone Mining
18:55 Scale Mail Armor
19:28 Bow Saw
20:01 Chain Mail Armor
20:48 Forging
23:39 Arson
29:07 Wheelbarrow
33:44 Imperial Age
32:12 Padded Archer Armor
32:06 Fletching
32:21 Town Watch
34:49 Conscription
35:06 Plate Mail Armor
36:10 Iron Casting
39:45 Bodkin Arrow
40:12 Furor Celtica
42:59 Blast Furnace
42:13 Herbal Medicine
41:54 Elite Skirmisher
41:58 Capped Ram
44:16 Siege Ram
45:43 Ballistics
kinghandles
6:53 Loom
9:19 Feudal Age
18:01 Castle Age
19:06 Double-Bit Axe
19:02 Horse Collar
20:01 Bow Saw
28:03 Bloodlines
34:22 Imperial Age
32:42 Heavy Plow
35:47 Conscription
35:55 Husbandry
35:57 Padded Archer Armor
36:23 Fletching
40:56 Wheelbarrow
40:49 Leather Archer Armor
Connection lost

Rejoining the realm…

Still unreachable

The connection could not be restored.

Session expired

The server has moved on; the page needs a fresh start.